Map: Frozen Temple

Players

Miro - Winner!

  • Race: Protoss Protoss
  • League: Gold

Gracz

  • Race: Protoss Protoss
  • League: Silver

VOD

Have the link to the VOD?

Description

Time

  • Played on: Oct. 8, 2016, 4:28 p.m.
  • Length: 14:32
Show
View Real Time Build Order
Export as new Build Order

Miro Protoss - Winner!

Build Orders:  

Get SALT Encoding   

  12  0:01  Probe (Chrono Boost)  
  13  0:13  Probe (Chrono Boost)  
  14  0:21  Pylon  
  14  0:23  Probe (Chrono Boost)  
  15  0:39  Probe (Chrono Boost)  
  16  0:46  Gateway  
  16  0:49  Probe (Chrono Boost)  
  17  1:00  Probe (Chrono Boost)  
  18  1:08  Gateway  
  18  1:10  Assimilator, Probe (Chrono Boost)  
  19  1:21  Probe (Chrono Boost)  
  20  1:33  Pylon  
  20  1:41  Cybernetics Core  
  20  2:03  Probe (Chrono Boost)  
  21  2:14  Probe (Chrono Boost)  
  22  2:24  Nexus  
  22  2:25  Mothership Core (Chrono Boost)  
  22  2:26  Pylon  
  24  2:30  Adept  
  26  2:38  Adept  
  28  2:48  Warp Gate  
  28  2:49  Gateway  
  28  2:50  Gateway  
  27  3:07  Adept  
  29  3:28  Adept  
  29  3:32  Assimilator  
  31  3:34  Adept  
  31  3:36  Probe (Chrono Boost)  
  34  3:43  Adept  
  34  3:47  Probe (Chrono Boost)  
  34  3:48  Probe (Chrono Boost)  
  38  3:51  Adept  
  40  3:57  Probe (Chrono Boost)  
  40  4:00  Probe (Chrono Boost)  
  42  4:08  Probe (Chrono Boost)  
  43  4:15  Robotics Facility  
  43  4:18  Probe (Chrono Boost)  
  43  4:20  Adept x2  
  48  4:29  Probe (Chrono Boost)  
  49  4:37  Twilight Council  
  49  4:40  Probe (Chrono Boost)  
  49  4:41  Probe (Chrono Boost)  
  51  4:59  Probe (Chrono Boost)  
  52  5:02  Probe (Chrono Boost)  
  52  5:03  Observer  
  54  5:14  Resonating Glaives  
  54  5:21  Pylon  
  54  5:23  Pylon  
  54  5:27  Pylon  
  54  5:38  Warp Prism  
  54  5:39  Probe (Chrono Boost)  
  54  5:41  Probe (Chrono Boost)  
  59  5:50  Probe (Chrono Boost)  
  59  5:53  Assimilator  
  59  6:00  Probe (Chrono Boost)  
  60  6:07  Stalker x2  
  60  6:08  Stalker x2  
  60  6:11  Probe (Chrono Boost)  
  69  6:15  Observer  
  70  6:19  Pylon  
  70  6:21  Probe (Chrono Boost)  
  70  6:23  Pylon  
  71  6:31  Immortal  
  75  6:47  Assimilator  
  75  7:05  Immortal  
  79  7:23  Gateway  
  79  7:24  Gateway  
  79  7:27  Gateway x2  
  79  7:37  Blink  
  73  8:43  Adept  
  73  8:44  Adept x3  
  73  8:45  Adept x3  
  73  8:46  Adept  
  73  9:25  Stalker  
  73  9:26  Stalker x3  
  73  9:27  Stalker x3  
  73  9:28  Stalker  
  81  10:06  Stalker x3  
  81  10:07  Stalker x2  
  89  10:08  Stalker  
  81  10:37  Warp Prism  
  79  10:46  Nexus  
  81  10:59  Pylon  
  81  11:01  Pylon  
  81  11:04  Pylon  
  81  11:09  Warp Prism  
  81  11:16  Stalker x2  
  81  11:17  Stalker x4  
  95  11:18  Stalker  
  95  11:19  Stalker  
  95  11:22  Forge  
  95  11:24  Forge  
  99  11:32  Charge  
  99  11:37  Stargate  
  99  11:39  Stargate  
  99  11:43  Stargate  
  99  11:45  Probe (Chrono Boost)  
  99  11:46  Probe (Chrono Boost)  
  101  11:55  Probe (Chrono Boost)  
  101  11:57  Adept x2  
  101  11:58  Adept, Probe (Chrono Boost)  
  101  11:59  Adept x3  
  101  12:00  Adept  
  117  12:06  Probe (Chrono Boost), Protoss Ground Armor Level 1  
  117  12:07  Protoss Ground Weapons Level 1  
  119  12:10  Probe (Chrono Boost)  
  119  12:15  Probe (Chrono Boost)  
  112  12:17  Probe (Chrono Boost)  
  112  12:22  Probe (Chrono Boost)  
  108  12:26  Probe (Chrono Boost)  
  108  12:29  Probe (Chrono Boost)  
  110  12:34  Probe (Chrono Boost)  
  110  12:36  Probe (Chrono Boost)  
  112  12:40  Assimilator  
  112  12:42  Assimilator  
  112  12:45  Oracle x2  
  112  12:47  Probe (Chrono Boost)  
  120  12:53  Probe (Chrono Boost)  
  120  12:57  Probe (Chrono Boost)  
  121  13:05  Probe (Chrono Boost)  
  122  13:17  Probe (Chrono Boost)  
  122  13:18  Zealot  
  122  13:19  Zealot x3  
  131  13:20  Zealot  
  123  13:48  Pylon  
  123  13:49  Pylon  
  123  13:51  Pylon  
  123  13:52  Pylon  
  123  13:54  Pylon  
  121  13:56  Oracle  
Show
View Real Time Build Order
Export as new Build Order

Gracz Protoss 

Build Orders: Double Forge 

Get SALT Encoding   

  12  0:01  Probe (Chrono Boost)  
  13  0:15  Pylon  
  13  0:19  Probe (Chrono Boost)  
  14  0:35  Gateway  
  14  0:44  Gateway  
  14  0:51  Assimilator  
  14  0:52  Probe (Chrono Boost)  
  15  1:06  Probe (Chrono Boost)  
  16  1:17  Probe (Chrono Boost)  
  17  1:30  Cybernetics Core  
  17  1:34  Gateway  
  17  1:38  Gateway  
  17  1:42  Probe (Chrono Boost)  
  18  1:53  Probe (Chrono Boost)  
  19  1:57  Warp Gate  
  19  2:09  Assimilator  
  19  2:11  Probe (Chrono Boost)  
  19  2:13  Stalker  
  23  2:23  Pylon, Probe (Chrono Boost)  
  23  2:30  Gateway  
  23  3:06  Stalker  
  23  3:08  Nexus  
  26  3:21  Probe (Chrono Boost)  
  26  3:46  Forge x2  
  26  3:53  Robotics Facility  
  26  4:02  Pylon  
  26  4:07  Robotics Facility  
  26  4:21  Probe (Chrono Boost)  
  26  4:22  Probe (Chrono Boost)  
  28  4:26  Protoss Ground Weapons Level 1  
  29  4:31  Probe (Chrono Boost)  
  29  4:33  Protoss Ground Armor Level 1  
  29  4:34  Probe (Chrono Boost)  
  30  4:47  Robotics Bay  
  30  4:54  Twilight Council  
  30  5:04  Pylon, Probe (Chrono Boost)  
  31  5:08  Stalker  
  33  5:25  Robotics Facility  
  33  5:37  Assimilator  
  33  5:38  Assimilator, Probe (Chrono Boost)  
  33  5:39  Probe (Chrono Boost)  
  35  5:42  Stalker  
  35  5:48  Probe (Chrono Boost)  
  38  5:51  Probe (Chrono Boost)  
  38  5:56  Stalker  
  41  5:57  Stalker  
  41  6:01  Probe (Chrono Boost)  
  41  6:04  Probe (Chrono Boost)  
  45  6:12  Probe (Chrono Boost), Blink  
  45  6:16  Probe (Chrono Boost)  
  47  6:22  Stalker, Probe (Chrono Boost)  
  50  6:29  Mothership Core (Chrono Boost)  
  52  6:34  Probe (Chrono Boost)  
  53  6:43  Stalker  
  53  6:45  Probe (Chrono Boost)  
  56  6:57  Extended Thermal Lance  
  56  7:04  Stalker  
  56  7:06  Stalker  
  60  7:10  Stalker  
  62  7:19  Pylon  
  62  7:24  Stargate  
  62  7:37  Stargate  
  62  7:46  Probe (Chrono Boost)  
  62  7:48  Probe (Chrono Boost)  
  64  7:53  Nexus  
  64  7:57  Pylon  
  64  8:00  Pylon, Stalker x2  
  64  8:02  Stalker  
  70  8:15  Pylon  
  70  8:18  Pylon  
  70  8:20  Stalker x2  
  72  8:37  Stalker x2  
  72  8:39  Stalker  
  78  8:44  Disruptor  
  38  10:40  Probe (Chrono Boost)  
  38  10:41  Colossus  
  38  10:42  Probe (Chrono Boost)  
  46  10:51  Probe (Chrono Boost)  
  46  10:54  Probe (Chrono Boost)  
  48  11:01  Probe (Chrono Boost)  
  48  11:02  Colossus  
  49  11:06  Probe (Chrono Boost)  
  56  11:21  Probe (Chrono Boost)  
  51  12:32  Void Ray  
  55  12:40  Probe (Chrono Boost)  
  55  12:42  Probe (Chrono Boost)  
  57  13:54  Probe (Chrono Boost)  
  59  13:55  Probe (Chrono Boost)  
  59  14:04  Probe (Chrono Boost)  
  59  14:07  Probe (Chrono Boost)  
Tags
 
Add a new tag
Caveats
  • Supply blocks, unpowered buildings, or Contaminate may cause inaccurate times.
  • Supply counts are checked every 10 seconds.